Cogmind - Beta 13 @@@ ROGUE MODE // 2024.06.29 @ 18:18:43 Player: Henotu Result: Destroyed by G-47 Trooper with Particle Gun Performance ------------- Evolutions (2) 1000 Regions Visited (3) 600 Robots Destroyed (30) 150 Value Destroyed (778) 778 Prototype IDs (0) 0 Alien Tech Used (0) 0 Bonus (200) 200 TOTAL SCORE: 2728 Bonus ------- Pacifist 200 Cogmind --------- Core Integrity 0/550 Matter 124/300 Energy 77/100 System Corruption 2% Temperature Cool (18) Movement Flying (194) Ox2 Location -8/Materials Parts ------- > --- POWER (1) -------- (None) > --- PROPULSION (4) --- Flight Unit VTOL Module > --- UTILITY (3) ------ Large Storage Unit > --- WEAPON (3) ------- (None) > --- INVENTORY (15) --- Light Ion Engine Peak State ------------ > --- POWER ------------ Light Ion Engine > --- PROPULSION ------- Aluminum Leg Aluminum Leg Improved Aluminum Leg Carbon-fiber Leg > --- UTILITY ---------- Small Storage Unit Large Storage Unit Improved Terrain Scanner > --- WEAPON ----------- Light Cannon Light Cannon Improved Light Cannon > --- INVENTORY -------- Light Ion Engine Wheel Wheel Wheel Flight Unit Flight Unit VTOL Module Medium Laser Small Laser Particle Gun Spread Laser Shock Bomb Launcher Welding Torch Plasma Cutter [Rating: 19] Favorites ----------- Power Light Ion Engine Engine Light Ion Engine Power Core Light Nuclear Core Propulsion Wheel Leg Aluminum Leg Wheel Wheel Flight Unit Flight Unit Utility Small Storage Unit Device Improved Terrain Scanner Storage Small Storage Unit Weapon Light Cannon Energy Gun Medium Laser Ballistic Gun Shotgun Ballistic Cannon Light Cannon Launcher Shock Bomb Launcher Special Weapon Welding Torch Build | -11 -10 -9 -8 ------- Run | Yrd Mat Mat Mat Slots Evolved 4 | . . 2 2 Power . | . . . . Propulsion 2 | . . 1 1 Utility 1 | . . . 1 Weapon 1 | . . 1 . Parts Attached 40 | 6 1 12 21 Power 4 | 1 . 1 2 Engine 3 | 1 . 1 1 Core 1 | . . . 1 Reactor . | . . . . Propulsion 19 | 2 . 6 11 Treads . | . . . . Leg 8 | . . 3 5 Wheel 5 | 2 . 3 . Hover . | . . . . Flight 6 | . . . 6 Utility 3 | 1 1 . 1 Device 1 | . . . 1 Storage 2 | 1 1 . . Processor . | . . . . Hackware . | . . . . Protection . | . . . . Artifact . | . . . . Weapon 14 | 2 . 5 7 Energy Gun 6 | 2 . . 4 Energy Cannon . | . . . . Ballistic Gun 1 | . . 1 . Ballistic Cannon 4 | . . 4 . Launcher 1 | . . . 1 Special Weapon 2 | . . . 2 Impact Weapon . | . . . . Slashing Weapon . | . . . . Piercing Weapon . | . . . . Special Melee Weapon . | . . . . Unidentified Prototypes . | . . . . Parts Lost 30 | . . 7 23 Power 4 | . . 1 3 Propulsion 11 | . . 3 8 Utility 2 | . . . 2 Weapon 13 | . . 3 10 Highest Loss Streak 15 | . . 7 15 To Critical Strikes . | . . . . Average Slot Usage (%) 79 | . 91 81 74 Engine 7 | . 14 9 4 Core 1 | . . . 3 Leg 11 | . . 7 19 Wheel 11 | . 28 14 2 Device 1 | . . . 3 Storage 19 | . 20 22 17 Energy Gun 8 | . 28 6 4 Ballistic Gun 1 | . . 2 . Ballistic Cannon 15 | . . 19 15 Naked Turns . | . . . . Heaviest Build 43 | 12 32 38 43 Greatest Support 48 | 26 26 30 48 Greatest Overweight (x) 10 | . 1 10 8 Average Overweight (x) . | . . 1 . Largest Inventory Capacity 15 | 8 15 15 15 Average Capacity 14 | 6 11 15 15 Most Carried 15 | 4 3 15 15 Average Carried 7 | . 2 5 11 Final Capacity 15 | 8 15 15 15 Final Carried 15 | . 3 15 1 Class Distribution -------------------- 44% | Mutant 26% | Gunner 13% | Skirmisher 10% | Scavenger-Gunner 4% | Scavenger-Mutant Dominant Class ---------------- Mutant | -10/Materials Gunner | -9/Materials Mutant | -8/Materials Resources | -11 -10 -9 -8 ----------- Run | Yrd Mat Mat Mat Matter Collected 713 | 234 . 306 173 Remotely . | . . . . Salvage Created 698 | . . 294 404 Parts 54 | . . 21 33 Haulers Intercepted . | . . . . Recyclers Shooed . | . . . . Parts Field Recycled . | . . . . Retrieved Matter . | . . . . Parts Self-Destructed . | . . . . Prevented . | . . . . Kills | -11 -10 -9 -8 ------- Run | Yrd Mat Mat Mat Combat Hostiles Destroyed 24 | . . 12 12 Guns 7 | . . 3 4 Cannons 14 | . . 8 6 AOE 3 | . . 1 2 Classes Destroyed 7 | . . 4 3 Worker 1 | . . . 1 Builder 4 | . . . 4 Watcher 1 | . . 1 . Swarmer 10 | . . 6 4 Grunt 11 | . . 5 6 Brawler 1 | . . . 1 Sentry 2 | . . 1 1 Best Kill Streak 8 | . . 4 8 Combat Bots Only 4 | . . 4 4 Max Kills in Single Turn 3 | . . 1 3 Gunslinging . | . . . . Exploded 1 | . . 1 1 Melee . | . . . . Uniques/NPCs Destroyed . | . . . . Combat | -11 -10 -9 -8 -------- Run | Yrd Mat Mat Mat Hostile Shots Fired 311 | . . 109 202 Missed 82 | . . 27 55 Damage Taken 3210 | . . 1016 2194 Core 763 | . . 202 561 Absorbed by Shields . | . . . . Core Remaining (%) 83 | 100 100 49 . Volleys Fired 71 | . . 29 42 Largest 3 | . . 3 3 Hottest 155 | . . 113 155 Shots Fired 151 | . . 72 79 Gun 57 | . . 30 27 Cannon 87 | . . 42 45 Launcher 7 | . . . 7 Special . | . . . . Kinetic 101 | . . 56 45 Thermal 31 | . . 4 27 Explosive . | . . . . Electromagnetic 19 | . . 12 7 Robot Hit Streak 7 | . . 3 7 Robot Miss Streak 6 | . . 5 6 Penetration Max . | . . . . Secondary Targets . | . . . . Shots Hit Robots 81 | . . 33 48 Core Hits 65 | . . 17 48 Critical Kills . | . . . . Critical Parts Destroyed . | . . . . Critical Strikes 4 | . . 2 2 Burn 2 | . . . 2 Blast 2 | . . 2 . Melee Attacks . | . . . . Impact . | . . . . Slashing . | . . . . Piercing . | . . . . Sneak Attacks . | . . . . Combat Hostiles . | . . . . Follow-up Attacks . | . . . . Damage Inflicted 2048 | . . 623 1425 Guns 610 | . . 250 360 Cannons 748 | . . 309 439 Explosions 688 | . . 64 624 Melee . | . . . . Ramming 2 | . . . 2 Kinetic 905 | . . 466 439 Thermal 829 | . . 89 740 Explosive . | . . . . Electromagnetic 312 | . . 68 244 Impact . | . . . . Slashing . | . . . . Piercing . | . . . . Highest Corruption 4 | . . 4 1 Average Corruption 2 | . . 3 1 Corruption Purged . | . . . . Corruption Blocked . | . . . . Effects 13 | . . 11 2 Message Errors 2 | . . 1 1 Matter Fused 1 | . . 1 . Heat Flow Errors 1 | . . 1 . Energy Discharges 3 | . . 2 1 Parts Rejected 1 | . . 1 . Misfires 3 | . . 3 . Weapon Failures 2 | . . 2 . Overload Shots . | . . . . Overflow Damage 36 | . . . 36 Projectiles 2 | . . . 2 Explosions 34 | . . . 34 Melee . | . . . . Knockbacks 7 | . . 2 5 Impact . | . . . . Kinetic 6 | . . 2 4 Secondary 1 | . . . 1 Self-Inflicted Damage 74 | . . 35 39 Shots 4 | . . 1 3 Rammed 2 | . . . 2 Targets Rammed 2 | . . . 2 Kicked . | . . . . Crushed . | . . . . Highest Temperature 292 | . . 173 292 Average Temperature 84 | . . 68 93 Received Heat Transfer 1578 | . . 372 1206 Siege Activations . | . . . . Robots Corrupted . | . . . . Combat Hostiles . | . . . . Parts Fried 1 | . . . 1 Impact Corruptions . | . . . . Robots Melted . | . . . . Combat Hostiles . | . . . . Parts Melted 1 | . . . 1 Heat Transferred 1349 | . . 174 1175 Parts Sabotaged . | . . . . Parts Stolen . | . . . . Parts Stripped . | . . . . Power Chain Reactions 7 | . . 1 6 Alert | -11 -10 -9 -8 ------- Run | Yrd Mat Mat Mat Peak Influence 278 | . 15 164 278 Initial 63 | . . 5 63 Average 101 | . 10 98 140 Maximum Alert Level 1 | . . . 1 Low Security (%) 85 | 100 100 100 64 Level 1 14 | . . . 35 Level 2 . | . . . . Level 3 . | . . . . Level 4 . | . . . . Level 5 . | . . . . High Security . | . . . . Max Security . | . . . . Squads Dispatched 3 | . . 1 2 Investigation 1 | . . . 1 Extermination . | . . . . Reinforcement 2 | . . 1 1 Assault . | . . . . Garrison . | . . . . Intercept . | . . . . Searches Triggered . | . . . . Construction Impeded 1 | . . . 1 Haulers Reinforced . | . . . . Active Scanning Responses . | . . . . Cargo Convoy Interrupts . | . . . . Stealth | -11 -10 -9 -8 --------- Run | Yrd Mat Mat Mat Distress Signals 6 | . . 2 4 Communications Jammed . | . . . . Distress Signals . | . . . . Times Spotted 36 | . 1 15 20 Peak Tracking Total 5 | . 1 5 5 Tactical Retreats 1 | . . 1 . Traps | -11 -10 -9 -8 ------- Run | Yrd Mat Mat Mat Traps Triggered 3 | . . 2 1 Indirectly . | . . . . Trap Hack Attempts . | . . . . Triggered . | . . . . Disarmed . | . . . . Reprogrammed . | . . . . Reused . | . . . . Traps Extracted . | . . . . Installed . | . . . . Triggered . | . . . . Machines | -11 -10 -9 -8 ---------- Run | Yrd Mat Mat Mat Machines Disabled 5 | . . 2 3 Max in Single Turn 1 | . . 1 1 Machines Repaired . | . . . . Machines Dismantled . | . . . . Machines Sabotaged . | . . . . Overloaded Fab Kills . | . . . . Hacking | -11 -10 -9 -8 --------- Run | Yrd Mat Mat Mat Machines Accessed 5 | . 2 3 . Terminals 5 | . 2 3 . Fabricators . | . . . . Repair Stations . | . . . . Recycling Units . | . . . . Scanalyzers . | . . . . Garrison Access . | . . . . Total Hacks 10 | . 3 7 . Successful 6 | . 2 4 . Failed 4 | . 1 3 . Catastrophic 1 | . 1 . . Database Lockouts . | . . . . Manual 1 | . 1 . . Terminals 10 | . 3 7 . Fabricators . | . . . . Repair Stations . | . . . . Recycling Units . | . . . . Scanalyzers . | . . . . Garrison Access . | . . . . Terminal Hacks 6 | . 2 4 . Record 1 | . 1 . . Emergency Access Points 1 | . . 1 . Alert Level 1 | . 1 . . Transport Status 1 | . . 1 . Hauler Manifests 1 | . . 1 . Zone Layout 1 | . . 1 . Fabricator Hacks . | . . . . Repair Station Hacks . | . . . . Recycling Unit Hacks . | . . . . Scanalyzer . | . . . . Garrison Access Hacks . | . . . . Unauthorized Hacks . | . . . . Terminals . | . . . . Fabricators . | . . . . Repair Stations . | . . . . Recycling Units . | . . . . Scanalyzers . | . . . . Garrison Access . | . . . . Data Cores Recovered . | . . . . Used . | . . . . Hacking Detections 2 | . 1 1 . Full Trace Events . | . . . . Feedback Events . | . . . . Feedback Blocked . | . . . . Robot Schematics Acquired . | . . . . Robots Built . | . . . . Authchips . | . . . . Time . | . . . . Total Robot Build Rating . | . . . . Part Schematics Acquired . | . . . . Parts Built . | . . . . Authchips . | . . . . Time . | . . . . Total Part Build Rating . | . . . . Parts Repaired . | . . . . Time . | . . . . Parts Recycled . | . . . . Recycled Matter . | . . . . Retrieved Matter . | . . . . Retrieved Components . | . . . . Parts Scanalyzed . | . . . . Part Schematics Acquired . | . . . . Parts Damaged . | . . . . Bothacking | -11 -10 -9 -8 ------------ Run | Yrd Mat Mat Mat Used RIF Installer . | . . . . Robots Hacked . | . . . . Non-combat . | . . . . Combat . | . . . . Robot Hacks Applied . | . . . . Relay Couplers Released . | . . . . Fabnet Peak Effective % . | . . . . Robots Rewired . | . . . . Allies Hacked . | . . . . Hacks Repelled . | . . . . Allies | -11 -10 -9 -8 -------- Run | Yrd Mat Mat Mat Total Allies . | . . . . Largest Group . | . . . . Highest-Rated Group . | . . . . Highest-Rated Ally . | . . . . Total Orders . | . . . . Ally Attacks . | . . . . Total Damage . | . . . . Kills . | . . . . Allies Corrupted . | . . . . Allies Melted . | . . . . Intel | -11 -10 -9 -8 ------- Run | Yrd Mat Mat Mat Robot Analysis Total . | . . . . Derelict Logs Recovered . | . . . . Drone Launches . | . . . . Drone Recoveries . | . . . . Exploration | -11 -10 -9 -8 ------------- Run | Yrd Mat Mat Mat Turns Passed 1153 | 48 131 506 468 Spaces Moved 683 | 49 132 286 216 Core 23 | 16 . 1 6 Treads . | . . . . Legs 242 | . . 74 168 Wheels 408 | 33 132 211 32 Hover . | . . . . Flight 10 | . . . 10 Fastest Speed 50 | 50 90 95 95 Average Speed 126 | 76 96 133 146 Slowest Speed 550 | 90 105 550 450 Overloaded Moves . | . . . . Propulsion Burnouts . | . . . . Robots Hopped . | . . . . Cave-ins Triggered . | . . . . Exploration Rate (%) 17 | 3 27 24 16 Regions Visited 3 Branch Regions . Pre-discovered Areas . | . . . . Known Exits Taken . | . . . . Unknown Exits Taken 3 | 1 1 1 . Scrap Searched . | . . . . Spaces Dug . | . . . . Terrain Destroyed 22 | . . 3 19 Melee . | . . . . Projectile 2 | . . 2 . AOE 20 | . . 1 19 Terrain Rammed . | . . . . Walls Destroyed . | . . . . Machines Disabled . | . . . . Actions | -11 -10 -9 -8 --------- Run | Yrd Mat Mat Mat Total 845 | 58 135 350 302 Wait 3 | . . 1 2 Move 680 | 48 131 285 216 Hop . | . . . . Pick Up 34 | 4 3 19 8 Fast Attach 11 | 2 1 5 3 Attach 29 | 4 . 7 18 Detach 5 | . . 2 3 Swap . | . . . . Drop 10 | . . 2 8 Fire 71 | . . 29 42 Melee . | . . . . Ram 2 | . . . 2 Kick . | . . . . Crush . | . . . . Escape Stasis . | . . . . Rewire . | . . . . Trap . | . . . . Miscellaneous . | . . . . Route ------- -11/Scrapyard -10/Materials -9/Materials -8/Materials History --------- Turn | Location | Event 10 | -11/Scrapyard | Discovered new exit (range 16) 49 | -11/Scrapyard | Entered Materials 157 | -10/Materials | Discovered new exit (range 16) 180 | -10/Materials | Entered another Materials area 180 | -9/Materials | Evolved 2 slots: Propulsion x1, Weapon x1 437 | -9/Materials | Lost 7 parts (1p3n3w) 628 | -9/Materials | Core integrity fell below 50% 665 | -9/Materials | Discovered new exit (range 11) 686 | -9/Materials | Entered another Materials area 686 | -8/Materials | Evolved 2 slots: Propulsion x1, Utility x1 949 | -8/Materials | Lost 6 parts (1p2n1u2w) 1070 | -8/Materials | Core integrity fell below 50% 1136 | -8/Materials | Core integrity fell below 20% 1154 | -8/Materials | Destroyed by G-47 Trooper with Particle Gun Last Messages --------------- U-05 Engineer lays Concrete. Plasma Cutter destroyed. G-47 Trooper destroyed. U-05 Engineer lays Concrete. Critical hit (Burn: +37). Welding Torch destroyed. U-05 Engineer builds a Door. Flight Unit destroyed. U-05 Engineer lays Concrete. G-47 Trooper destroyed. U-05 Engineer lays Concrete. Critical hit (Burn: +37). Sml. Storage Unit destroyed. W-25 Informer sends out distress signal. System corrupted: Energy discharge (-6). G-47 Trooper destroyed. Spread Laser destroyed. Lgt. Ion Engine destroyed. Slammed into G-47 Trooper. Destabilizing: System corrupted (+1). Map ----- +----------------------------------------------------+ | ?????????????????????????????????????????????????? | | ?????????????????????????????????????????????????? | | ?????????????????????????????????????????????????? | | ?????????????????????????????????????????????????? | | ?????????????????????????????????????????????????? | | ?????????????????????????????????????????????????? | | ???????????? ??????????#?????????????????????????? | | ???????????? ????????????????????????????????????? | | ???????????? ??????????????#??#??????????????????? | | ???????????? ????????????????????????????????????? | | ???????????? ??#??#?????????##########???????????? | | ???#???????? ???????????????# = #???????????? | | ???????????? #????#???#?????# ! #???????????? | | ????? ? ???# ##############?# #???#??#????? | | ???????????# # # ### [| #???????????? | | ???????????# # # ## || #???????????? | | ?????#????## # # ## ##????#?????? | | ?########### ##### # #? #???????#???? | | ?# """ ## #???# # #?? #??####?????? | | ##! """"" ## #???# # ????? ????"""#?????? | | ?# """"" ## ##### ###+########+######"T"####### | | ?# """"" # % # | | ?# """ + *%== # | | ?# # """ w %!%= = # | | ?# # "Y" ###g######* [ """ # | | ## # # g @ #?#" """"" # | | ?# == # # g #?##[ """ # | | ?########## # """ #??#*! # | | ??#???????# # """ #?##= # | | ??????????# # """ ### =*! % # | | ??????#?#?# # ## =%=%= # | | ???????#??### ########## [!!############+## | | ?#??????????# #????????# = *##????????????? | | ????????????# #???????## #% [##? ??? ??????? | | ?????#??????#######+###??????# #!= ##????????????? | | #?????????????## #??????###! [##? ?? ???????? | | ????#???????#??# """ #????#??## * ## ???????????? | | ??#????????????# """ #? ??? ??# =#?????????????? | | ???????????????# """ #????????# ! #??#??????????? | | ???#?#???????#?# #????????# #?????????????? | | ???????????????# / #????????# #?????????????? | | ???????????????########???????? #?????????????? | | ???????????????????????????????# ?????????????? | | ???????????????????????????????# ????????????? | | ???????????????????????????????# ????????????? | | ???????????????????????????????# ###???????????? | | ???????????????????????????????# #?????????????? | | ???????????????????????????????# #?????????????? | | ???????????????????????????????# #?????????????? | | ???????????????????????????????# #?????????????? | +----------------------------------------------------+ Best States ------------- Heat Dissipation 31 Energy Generation 14 Energy Capacity 160 Matter Stores 300 Matter Capacity 300 Sight Range 16 Terrain Scan Range 16 Terrain Scan Density 10 Evasion (%) 55 Item Schematics ----------------- None Robot Schematics ------------------ None Fabricated ------------ Nothing Alien Tech Used ----------------- None Achievements -------------- None Challenges ------------ None Game ------ Seed SuspensionGunMount Manual? 0 Play Time 00:17:20 Cumulative 3.9 hours Start 2024.06.29 @ 18:04:08 End 2024.06.29 @ 18:18:43 Sessions 1 Manual Loads 0 Difficulty Rogue Special Mode None Game No. 9 Rogue 9 Adventurer 0 Explorer 0 Win Type - Total 0 Types 0/0/0/0/0/0/0/0/0 Lore% 2 Gallery% 10 Achievement% 8 Wizard Run 0 Options --------- Layout 1 ASCII 0 Keyboard 1 Movement Arrows Keybinds 0 Fullscreen 1 Font 24/Smallcaps Map View 50x35 Zoom Use 0% Tactical HUD 0 Map Filters NONE Filters NONE Steam 1 RUN: 132d188e-b722-4696-9e97-2a6c28a2f3fb